 Dungeon Crawl Stone Soup version 0.27-a0-1565-gad902ab807 (webtiles) character file.

Game seed: 8940507083305769777

42 ezpacito the Skirmisher (level 3, 0/29 HPs)
             Began as a Demonspawn Abyssal Knight on July 16, 2021.
             Was a Follower of Lugonu.
             Slain by Terence (2 damage)
             ... on level 2 of the Dungeon.
             The game lasted 00:02:20 (1378 turns).

ezpacito the Skirmisher (Demonspawn Abyssal Knight) Turns: 1378, Time: 00:02:21

Health: 0/29       AC:  8    Str: 12    XL:     3   Next: 35%
Magic:  5/5        EV: 10    Int: 13    God:    Lugonu [*.....]
Gold:   49         SH:  4    Dex: 19    Spells: 2/2 levels left

rFire    . . .     SeeInvis .   a - +1 hand axe
rCold    . . .     Faith    .   (no shield)
rNeg     . . .     Spirit   .   o - +0 ring mail
rPois    .         Reflect  .   i - +2 hat
rElec    .         Harm     .   g - +0 cloak
rCorr    .         Rampage  .   (no gloves)
Will     .....                  (no boots)
Stlth    +.........             (no amulet)
HPRegen  0.09/turn              c - +6 ring of dexterity
MPRegen  0.09/turn              (no ring)

@: no status effects
A: condensation shield
a: Renounce Religion, Depart the Abyss


You were on level 2 of the Dungeon.
You worshipped Lugonu.
Lugonu was aware of your devotion.
You visited 1 branch of the dungeon, and saw 2 of its levels.
You visited the Abyss 1 time.

You collected 49 gold pieces.

Inventory:

Hand Weapons
 a - a +1 hand axe (weapon)
Armour
 g - a +0 cloak (worn)
 i - a +2 hat (worn)
 o - a +0 ring mail (worn)
Jewellery
 c - a +6 ring of dexterity (left hand)
Scrolls
 h - a scroll of enchant weapon


   Skills:
 + Level 3.2 Fighting
 * Level 2.4 Axes
 + Level 2.2 Armour
 + Level 1.1 Dodging
 + Level 0.8 Stealth
 + Level 2.8 Invocations


You had 2 spell levels left.
You didn't know any spells.
Your spell library was empty.

Dungeon Overview and Level Annotations

Branches:
Dungeon (2/15)

Altars:

Annotations:
D:2 Terence


Innate Abilities, Weirdness & Mutations

A meltable shield of frost defends you. (SH +4)


Message History

The worm barely misses you.
You barely miss the worm.
The worm is lightly wounded.
The worm bites you!
* * * LOW HITPOINT WARNING * * *
You hit the worm.
The worm is moderately wounded.
You slash the worm!
The worm is severely wounded.
The worm bites you.
* * * LOW HITPOINT WARNING * * *
A hobgoblin comes into view.
You aren't carrying any potions.
This is a scroll of acquirement!
Something appears at your feet!
The hobgoblin shouts!
The worm bites you but does no damage.
As you read the scroll labelled POUMUNW NEOTO, it crumbles to dust.
You feel aware of your surroundings.
You sensed 1 altar.
It was a scroll of magic mapping.
Okay, then.
Things that are here:
a +0 club; a goblin skeleton A kobold comes into view.
It is wielding a +0 dagger.
The kobold shouts!
The kobold throws a stone.
The stone closely misses you.
The kobold throws a stone.
The stone hits you but does no damage.
You aren't carrying any potions.
Okay, then.
Terence the Incautious comes into view.
He is wielding a +0 trident.
Terence shouts!
You barely miss the hobgoblin.
The hobgoblin hits you but does no damage.
Terence asks, "Do you want it fast or slow?"
You block the hobgoblin's attack.
You hit the hobgoblin.
You kill the hobgoblin!
Lugonu accepts your kill.
Terence hits you from afar with a +0 trident.
You die...

*,,,,,,...........w.........
*,,,,,,.....................
*,,,*,***#.........K......#.
*,,,*,*,,..#.......###...##.
***,,,*,,,***###K#.........#*,
*,,,,,,,,** #.#...###...#*,
*,,,,,,,,* #.#....#*,..#*,
*,,,,,,,,* #####.#.#....>,,,,,
*******,** #.@.K.........,,*,,
*,,,,,,**#.#####.###...,,,,,
*,,,,,,,.@.***,,...,...,,,,,
**,,,,,.....,,,,**.##**,,**,,
*,,,,......#******.# *,,,**,
**,,,...#..,** *,# *,*,,,,
****##.##.,,*****,** *,***,,
#,*##,,,,,*,,,***,,,,,*
***,,**,,,,,,,,,*,,,*****


You could see Terence and a kobold.

Vanquished Creatures
  Robin (D:2)
  8 goblins
  9 hobgoblins
  4 jackals (D:1)
  2 ball pythons (D:1)
  3 frilled lizards
  3 rats
30 creatures vanquished.

Notes
Turn   | Place    | Note
-------+----------+-------------------------------------------
     0 | Abyss:1  | ezpacito the Demonspawn Abyssal Knight began the quest for
                  | the Orb.
     0 | Abyss:1  | Reached XP level 1. HP: 18/18 MP: 2/2
    63 | Abyss:1  | Noticed an ancient zyme
    66 | Abyss:1  | Noticed a flayed ghost
    69 | D:1      | Escaped the Abyss
   511 | D:1      | Reached skill level 1 in Dodging
   511 | D:1      | Gained mutation: A meltable shield of frost defends you.
                  | (SH +4) [demonic ancestry]
   511 | D:1      | Reached XP level 2. HP: 19/24 MP: 3/3
   759 | D:1      | Reached * piety under Lugonu
  1123 | D:2      | Noticed Robin
  1140 | D:1      | HP: 1/24 [goblin[Robin] (4)]
  1339 | D:2      | Reached XP level 3. HP: 29/29 MP: 5/5
  1350 | D:2      | Killed Robin
  1359 | D:2      | HP: 1/29 [worm (4)]
  1360 | D:2      | Identified a scroll of acquirement
  1360 | D:2      | Acquired a +5 double sword of flaming
  1375 | D:2      | Noticed Terence
  1378 | D:2      | Slain by Terence

Illustrated notes

Levels and vault maps discovered:
D:1:      erik_arrival_blinker_ship, layout_basic
D:2:      layout_rooms, shapermc_ecumenical_altar_totnotflames,
          hangedman_decor_clover_reticule, corexii_hall_statues_t, uniq_terence,
          uniq_jessica, uniq_robin

Skill      XL: |  1 |
---------------+----+-----
Armour         | 2 |  2.2
Axes           | 2 |  2.4
Dodging        | 1 |  1.1
Fighting       | |  3.2
Stealth        | |  0.8
Invocations    | |  2.8

Action                   || total
-------------------------++-------
Melee: Hand axe          ||    82
Invok: Depart the Abyss  ||     1
  Use: Scroll            ||     5
       Potion            ||     3
 Stab: Sleeping          ||     2
Armor: Leather armour    ||    19
       Ring mail         ||    20
       Skin              ||     5
Dodge: Dodged            ||    50
Block: Other             ||    14

Table legend: (Time is in decaauts)
 A = Elapsed time spent in this place.
 B = Non-inter-level travel time spent in this place.
 C = Inter-level travel time spent in this place.
 D = Time resting spent in this place.
 E = Time spent auto-exploring this place.
 F = Levels seen in this place.
 G = Mean time per level.
                   A        B        C        D        E       F      G
               +--------+--------+--------+--------+--------+-----+--------+
         Total |   1394 |   1351 |     43 |    182 |    915 |   3 |  464.7 |
       Dungeon |   1325 |   1282 |     43 |    182 |    876 |   2 |  662.5 |
         Abyss |     68 |     68 |      0 |      0 |     39 |   1 |   68.0 |
               +--------+--------+--------+--------+--------+-----+--------+

Top non-repeatable levels by time:
     D:1: 1258 daAuts
 Abyss:1: 68 daAuts
     D:2: 66 daAuts
